 Dungeon Sprint DCSS version 0.29-a0-575-g0dc89cf053 (webtiles) character file.

Game seed: 11794241654178333347

34162 mhtbhm the Wrestler (level 13, -9/136 HPs)
             Began as an Ogre Transmuter on June 12, 2022.
             Was an Initiate of Gozag.
             Mangled by a ghost moth (14 damage)
             ... in the Dungeon (Sprint IX: "|||||||||||||||||||||||||||||") on June 13, 2022.
             The game lasted 00:13:24 (5508 turns).

mhtbhm the Wrestler (Ogre Transmuter)               Turns: 5508, Time: 00:13:25

Health: -9/136     AC:  3    Str: 26 (27) XL:     13   Next: 75%
Magic:  0/34       EV: 14    Int: 13 (14) God:    Gozag
Gold:   3135       SH:  5    Dex: 13 (15) Spells: 31/46 levels left

rFire   . . .      SeeInvis .     - Unarmed
rCold   . . .      Faith    .   (shield currently unavailable)
rNeg    . . .      Spirit   .   a - +0 robe
rPois   .          Reflect  +   (helmet restricted)
rElec   .          Harm     .   (no cloak)
rCorr   +          Rampage  .   (gloves unavailable)
Will    +....      NoTele   +   (boots unavailable)
Stlth   +++.......              E - amulet "Eril" {Reflect rCorr Slay+2 SH+5}
HPRegen 0.32/turn               o - +6 ring of strength
MPRegen 0.24/turn               n - +6 ring of dexterity

@: blade hands, wereblooded, gold aura, studying Unarmed Combat
A: large, unfitting armour, tough skin 1
a: End Transformation, Renounce Religion, Potion Petition, Call Merchant, Bribe
Branch


You were in the Dungeon.
You worshipped Gozag.
Gozag was most pleased with you.
You had blades for hands.
You visited 1 branch You collected 11775 gold pieces.
You spent 4521 gold pieces at shops.
You paid 4119 gold pieces to Gozag.

Inventory:

Missiles
 s - 3 silver boomerangs (quivered)
 w - 6 javelins
Armour
 a - a +0 robe (worn)
Jewellery
 n - a +6 ring of dexterity (right blade hand)
 o - a +6 ring of strength (left blade hand)
 y - a ring of poison resistance
 z - a ring of protection from cold
 A - a ring of willpower
 E - the amulet "Eril" (around neck) {Reflect rCorr Slay+2 SH+5}
   (You bought it in a shop in the Dungeon)

   [amulet of reflection]

   It reflects blocked missile attacks.
   Slay:      It affects your accuracy & damage with ranged weapons and melee
   (+2).
   rCorr:     It protects you from acid and corrosion.
   SH:        It affects your SH (+5).
Scrolls
 h - a scroll of blinking
 i - 2 scrolls of amnesia
 k - 2 scrolls of fog
 q - 2 scrolls of enchant armour
 r - 6 scrolls of enchant weapon
 C - 2 scrolls of fear
Potions
 b - a potion of invisibility
 c - 8 potions of curing
 d - 4 potions of heal wounds
 e - 2 potions of mutation
 f - 4 potions of magic
 g - a potion of might
 l - a potion of flight {unknown}
 m - 2 potions of berserk rage
 t - a potion of haste
 u - a potion of resistance
 B - 2 potions of brilliance


   Skills:
 + Level 10.9 Fighting
 + Level 1.8 Throwing
 + Level 11.1 Dodging
 + Level 5.4 Stealth
 + Level 3.4 Shields
 + Level 21.8 Unarmed Combat
 + Level 17.1 Spellcasting
 + Level 14.4 Transmutations
 + Level 8.2 Ice Magic
 + Level 2.1 Evocations


You had 31 spell levels left.
You knew the following spells:

 Your Spells              Type           Power      Damage    Failure   Level
a - Beastly Appendage     Tmut           96%        N/A       3%          1
b - Wereblood             Tmut           48%        N/A       4%          2
c - Spider Form           Tmut/Pois      29%        N/A       14%         3
d - Ice Form              Ice/Tmut       40%        N/A       12%         4
e - Blade Hands           Tmut           24%        N/A       11%         5

Your spell library contained the following spells:

 Spells                   Type           Power      Damage    Failure   Level
 Portal Projectile        Hex/Tloc       22%        N/A       56%         3
 Tukima's Dance           Hex            11%        N/A       56%         3


Dungeon Overview and Level Annotations

Branches:
Dungeon (1/1)

Altars:
Cheibriados
Dithmenos
Elyvilon
Fedhas
Gozag
Hepliaklqana
Kikubaaqudgha
Makhleb
Nemelex Xobeh
Okawaru
Qazlal
Ru
Sif Muna
Trog
Uskayaw
Vehumet
Wu Jian
Xom
Yredelemnul
Zin
The Shining One
Beogh
Jiyva
Lugonu

Shops:
D ::==*([[!


Innate Abilities, Weirdness & Mutations

You have blades for hands.
Your spellcasting is less reliable in this form.
You are incapable of wielding weapons or throwing items.
You are too large for most types of armour.
You have tough skin. (AC +1)


Message History

The iceblast engulfs something.
You feel you are being watched by something.
You feel your power leaking away.
Unknown command.
Unknown command.
Unknown command.
Aiming: Iceblast
Press: ? - help, Shift-Dir - straight line, f/p - jumping spider
Aim: a jumping spider (severely wounded)
The mass of ice explodes!
The iceblast engulfs the jumping spider!
You kill the jumping spider!
Unknown command.
Unknown command.
Unknown command.
Unknown command.
Aiming: Iceblast
Press: ? - help, Shift-Dir - straight line
Okay, then.
Unknown command.
Aiming: Iceblast
Press: ? - help, Shift-Dir - straight line, f - emperor scorpion
Aim: an emperor scorpion (moderately wounded)
The mass of ice explodes!
The iceblast engulfs something!
The iceblast engulfs the emperor scorpion.
The emperor scorpion is moderately wounded.
The now-empty wand crumbles to dust.
You howl as the wereblood boils in your veins!
You feel you are being watched by something.
Unknown command.
Unknown command.
Unknown command.
You aren't carrying any items that you can evoke.
Something hits you!!
* * * LOW HITPOINT WARNING * * *
Something hits you.
* * * LOW HITPOINT WARNING * * *
Something stings you!
You die...
Your body crumbles into a pile of gold.

+*,*,*,*,*,*+*,▓$▓p▓.▓.▓.▓.▓.▓.▓_
,*,*+*,*,*,*,*,▓'▓.▓.▓.▓)▓.▓.▓.▓_
,*,*,*,*,*,*,*,▓.▓p▓.▓.▓.▓)▓.▓.▓_
,*,*,*,*,*,*,*,▓.▓.▓)▓.▓.▓.▓.▓.▓_
,*,*,*,*,*,*,*,▓B▓.▓.▓.▓)▓.▓.▓.▓_
,*,*,*,*,*,*,*,▓s▓.▓[▓.▓)▓.▓'▓.▓_
,*,*,*,*,*,*,*,▓.▓.▓[▓.▓)▓.▓.▓.▓_
,*,*,*,*,*,*,*,▓)▓.▓[▓[▓)▓.▓.▓.▓_
,*,*,*,*,*,*,*,▓@▓p▓[▓.▓)▓.▓.▓.▓_
,*,*,*,*,*,*,*,▓.▓.▓[▓.▓)▓.▓.▓.▓_
,*,*,*,*,*,*,*,▓.▓.▓[▓.▓.▓.▓.▓.▓_
,*,*,*,*,*,*,*,▓'▓.▓$▓.▓.▓.▓.▓.▓_
,*,*,*,*,*,*,*,▓.▓.▓$▓.▓)▓.▓.▓.▓_
,*,*,*,*,*,*,*,▓.▓.▓.▓.▓.▓.▓.▓.▓_
,*,*,*,*,*,*,*,▓∩▓.▓)▓.▓)▓.▓.▓.▓_
,*,*+*,*,*,*,*,▓∩▓.▓)▓.▓)▓.▓'▓.▓_
,*,*,*,*,*,*,*,▓)▓.▓)▓.▓)▓.▓=▓.▓_


You could see an emperor scorpion and a radroach (berserk).

Vanquished Creatures
  Kirke (D)
  A nagaraja (D)
  A fire giant (D)
  A frost giant (D)
  An ettin (D)
  A fire dragon (D)
  A merfolk impaler (D)
  An anaconda (D)
  A two-headed ogre (D)
  Erolcha (D)
  A boulder beetle (D)
  A merfolk avatar (D)
  An ice dragon (D)
  A centaur warrior (D)
  An ogre mage (D)
  A catoblepas (D)
  5 orc high priests (D)
  Urug (D)
  2 naga sharpshooters (D)
  2 sea snakes (D)
  A wizard (D)
  A necromancer (D)
  9 orc knights (D)
  3 manticores (D)
  2 ugly things (D)
  A moth of wrath (D)
  A water nymph (D)
  3 black mambas (D)
  A guardian serpent (D)
  3 naga magi (D)
  2 cane toads (D)
  3 komodo dragons (D)
  2 unseen horrors (D)
  A rime drake (D)
  A tengu conjurer (D)
  A merfolk (D)
  A meliai (shapeshifter) (D)
  6 polar bears (D)
  2 snapping turtles (D)
  A jumping spider (shapeshifter) (D)
  A jumping spider (D)
  6 yaks (D)
  A shadow (D)
  A wyvern (D)
  2 hogs (D)
  A vampire mosquito (D)
  3 water moccasins (D)
  2 black bears (D)
  12 orc warriors (D)
  2 centaurs (D)
  A bullfrog (D)
  2 killer bees (D)
  A jelly (D)
  A hound (D)
  3 orc priests (D)
  2 orc wizards (D)
  9 orcs (D)
  A bat (D)
  An endoplasm (D)
  2 hobgoblins (D)
  A frilled lizard (D)
126 creatures vanquished.

Notes
Turn   | Place    | Note
-------+----------+-------------------------------------------
     0 | D        | mhtbhm the Ogre Transmuter began the quest for the Orb.
     0 | D        | Reached XP level 1. HP: 19/19 MP: 3/3
    12 | D        | Reached skill level 3 in Unarmed Combat
   210 | D        | Noticed an orc wizard
   210 | D        | Noticed a centaur
   210 | D        | Noticed a jelly
   210 | D        | Noticed a water moccasin
   210 | D        | Noticed a hound
   214 | D        | Killed a hound
   215 | D        | Reached skill level 4 in Unarmed Combat
   215 | D        | Reached XP level 2. HP: 28/28 MP: 3/6
   215 | D        | Reached XP level 3. HP: 35/35 MP: 4/8
   221 | D        | Killed a water moccasin
   222 | D        | Reached skill level 6 in Unarmed Combat
   222 | D        | Reached XP level 4. HP: 45/45 MP: 5/10
   222 | D        | Reached XP level 5. HP: 53/53 MP: 6/12
   223 | D        | Reached skill level 7 in Unarmed Combat
   223 | D        | Reached skill level 5 in Spellcasting
   229 | D        | Killed a centaur
   230 | D        | Reached skill level 8 in Unarmed Combat
   230 | D        | Reached XP level 6. HP: 62/62 MP: 7/14
   262 | D        | Learned a level 2 spell: Wereblood
   266 | D        | Learned a level 3 spell: Spider Form
   271 | D        | Learned a level 4 spell: Ice Form
   273 | D        | Found a snail-covered altar of Cheibriados.
   273 | D        | Found a shadowy altar of Dithmenos.
   273 | D        | Found a white marble altar of Elyvilon.
   273 | D        | Found a blossoming altar of Fedhas.
   273 | D        | Found an opulent altar of Gozag.
   274 | D        | Found a hazy altar of Hepliaklqana.
   275 | D        | Found a viscous altar of Jiyva.
   276 | D        | Found an ancient bone altar of Kikubaaqudgha.
   277 | D        | Found a corrupted altar of Lugonu.
   278 | D        | Found a burning altar of Makhleb.
   279 | D        | Found a sparkling altar of Nemelex Xobeh.
   280 | D        | Found an iron altar of Okawaru.
   281 | D        | Found a stormy altar of Qazlal.
   283 | D        | Became a worshipper of Gozag Ym Sagoz the Greedy
   285 | D        | Found a sacrificial altar of Ru.
   286 | D        | Found a shimmering blue altar of Sif Muna.
   287 | D        | Found a bloodstained altar of Trog.
   288 | D        | Found a hide-covered altar of Uskayaw.
   289 | D        | Found a radiant altar of Vehumet.
   290 | D        | Found an ornate altar of the Wu Jian Council.
   291 | D        | Found a shimmering altar of Xom.
   292 | D        | Found a basalt altar of Yredelemnul.
   293 | D        | Found a glowing silver altar of Zin.
   294 | D        | Found a glowing golden altar of the Shining One.
   642 | D        | Noticed a shadow
   642 | D        | Noticed an orc warrior
   642 | D        | Noticed a yak
   644 | D        | Reached skill level 5 in Dodging
   648 | D        | Reached skill level 9 in Unarmed Combat
   648 | D        | Reached skill level 5 in Transmutations
   654 | D        | Killed a yak
   655 | D        | Reached XP level 7. HP: 71/71 MP: 9/17
   658 | D        | Reached skill level 5 in Fighting
   658 | D        | Reached skill level 10 in Unarmed Combat
   662 | D        | Killed a shadow
   789 | D        | Noticed a golden eye
   789 | D        | Noticed a white ugly thing
   789 | D        | Noticed a two-headed ogre
   789 | D        | Noticed a boulder beetle
   806 | D        | Noticed a raiju
   810 | D        | Killed a boulder beetle
   811 | D        | Reached skill level 11 in Unarmed Combat
   811 | D        | Reached skill level 1 in Ice Magic
   811 | D        | Reached XP level 8. HP: 67/84 MP: 15/20
   813 | D        | Killed a two-headed ogre
   814 | D        | Reached skill level 1 in Stealth
   814 | D        | Reached skill level 12 in Unarmed Combat
   814 | D        | Reached XP level 9. HP: 61/93 MP: 15/22
   815 | D        | Noticed a meliai
   815 | D        | a raiju changed into a meliai
   816 | D        | Killed a white ugly thing
   819 | D        | Killed an unseen horror
   820 | D        | Reached skill level 13 in Unarmed Combat
   821 | D        | Killed a meliai
   822 | D        | Reached skill level 10 in Spellcasting
   848 | D        | Killed an unseen horror
  1290 | D        | Noticed a komodo dragon
  1296 | D        | Killed a komodo dragon
  1297 | D        | Reached XP level 10. HP: 106/106 MP: 18/24
  1301 | D        | Reached skill level 14 in Unarmed Combat
  1301 | D        | Noticed a cane toad
  1315 | D        | Killed a cane toad
  1492 | D        | Noticed a cane toad
  1492 | D        | Noticed a black mamba
  1492 | D        | Noticed a black mamba
  1494 | D        | Killed a black mamba
  1495 | D        | Reached skill level 1 in Evocations
  1500 | D        | Reached skill level 15 in Unarmed Combat
  1502 | D        | Killed a black mamba
  1503 | D        | Reached skill level 10 in Transmutations
  1503 | D        | Noticed a catoblepas
  1507 | D        | Killed a cane toad
  1518 | D        | Killed a catoblepas
  1519 | D        | Reached XP level 11. HP: 98/115 MP: 23/26
  1531 | D        | Reached skill level 16 in Unarmed Combat
  2023 | D        | Noticed an orc knight
  2027 | D        | Reached skill level 17 in Unarmed Combat
  2497 | D        | Killed an orc knight
  2568 | D        | Found Diciten's Distillery.
  2568 | D        | Noticed an orc knight
  2568 | D        | Noticed an orc high priest
  2568 | D        | Noticed an orc high priest
  2568 | D        | Noticed an orc knight
  2568 | D        | Noticed an orc high priest
  2570 | D        | Noticed an orc knight
  2573 | D        | Noticed an orc knight
  2578 | D        | Killed an orc high priest
  2621 | D        | Killed an orc knight
  2893 | D        | Killed an orc high priest
  3024 | D        | Killed an orc knight
  3025 | D        | Reached skill level 1 in Throwing
  3062 | D        | Killed an orc high priest
  3063 | D        | Reached skill level 5 in Ice Magic
  3071 | D        | Killed an orc knight
  3072 | D        | Reached XP level 12. HP: 124/126 MP: 25/29
  3143 | D        | Reached skill level 18 in Unarmed Combat
  3252 | D        | Found Lonog's Armour Shop.
  3256 | D        | Found Yguqoam's Armour Boutique.
  3258 | D        | Noticed an orc high priest
  3259 | D        | Found Mosah's Weapon Shop.
  3263 | D        | Noticed an orc high priest
  3272 | D        | Killed an orc high priest
  3289 | D        | Killed an orc high priest
  3319 | D        | Bought a potion of haste for 130 gold pieces
  3319 | D        | Bought a potion of resistance for 130 gold pieces
  3319 | D        | Bought a potion of mutation for 104 gold pieces
  3319 | D        | Bought a potion of curing for 39 gold pieces
  3319 | D        | Bought a potion of curing for 39 gold pieces
  3586 | D        | Noticed Erolcha
  3592 | D        | Killed Erolcha
  3610 | D        | Noticed Urug
  3618 | D        | Killed Urug
  3619 | D        | Reached skill level 10 in Dodging
  3862 | D        | Bought an amulet of the acrobat for 450 gold pieces
  3870 | D        | Bought the amulet "Eril" {Reflect rCorr Slay+2 SH+5} for
                  | 663 gold pieces
  3884 | D        | Bought a scroll of magic mapping for 45 gold pieces
  3884 | D        | Bought a scroll of fear for 45 gold pieces
  3914 | D        | Noticed a centaur warrior
  3920 | D        | Reached skill level 15 in Spellcasting
  3920 | D        | Noticed an ogre mage
  3924 | D        | Killed a centaur warrior
  3925 | D        | Noticed an ice dragon
  3928 | D        | Noticed a fire dragon
  3928 | D        | Noticed an ettin
  3930 | D        | Noticed a fire giant
  3931 | D        | Reached skill level 19 in Unarmed Combat
  3935 | D        | Reached skill level 10 in Fighting
  3935 | D        | Noticed a frost giant
  4272 | D        | Killed an ogre mage
  4315 | D        | Killed an ice dragon
  4325 | D        | Killed a fire dragon
  4421 | D        | Killed a fire giant
  4422 | D        | Reached skill level 1 in Shields
  4422 | D        | Reached XP level 13. HP: 84/133 MP: 27/32
  4547 | D        | Killed an ettin
  4565 | D        | Killed a frost giant
  4578 | D        | Reached skill level 5 in Stealth
  4750 | D        | Noticed Kirke
  4759 | D        | Killed Kirke
  4760 | D        | Reached skill level 20 in Unarmed Combat
  4826 | D        | Noticed a nagaraja
  4835 | D        | Killed a nagaraja
  5043 | D        | Bought a manual of Unarmed Combat for 1040 gold pieces
  5045 | D        | Bought a book of Weapons for 476 gold pieces
  5045 | D        | Bought a manual of Unarmed Combat for 1360 gold pieces
  5052 | D        | Learned a level 5 spell: Blade Hands
  5267 | D        | Noticed a merfolk impaler
  5272 | D        | Reached skill level 21 in Unarmed Combat
  5284 | D        | Killed a merfolk impaler
  5496 | D        | Noticed an emperor scorpion
  5508 | D        | HP: 5/136 [something (3)]
  5508 | D        | Mangled by a ghost moth

Illustrated notes

Levels and vault maps discovered:
D:        linesprint [early_d, line_temple, items_1, d_10, items_2, lair_1,
          lair_end, items_3, orc_1, orc_end, items_4, d_15, swamp_1, shoals_1,
          snake_1, spider_1, d_20, vaults_1, items_5, swamp_end, shoals_end,
          snake_end, spider_end, vaults_end, d_27, items_6, zot_1, zot_end,
          crypt_end, forest_end, elf_end, slime_end, tomb_end, abyss_end,
          pan_hell_end]

Skill      XL: |  1  2  3  4  5  6  7  8  9 10 11 12 13 |
---------------+----------------------------------------+-----
Unarmed Combat | 4 6 8 9 11 12 13 15 17 19 21 | 21.8
Dodging        | 2 4 5 7 8 9 10 11 | 11.1
Transmutations | 2 3 4 5 7 9 10 11 13 14 | 14.4
Spellcasting   | 3 4 5 7 8 9 10 11 13 15 17 | 17.1
Fighting       | 2 3 4 6 7 8 9 10 | 10.9
Ice Magic      | 1 2 3 5 7 8 |  8.2
Stealth        | 1 2 4 5 |  5.4
Evocations     | 1 2 |  2.1
Throwing       | 1 |  1.8
Shields        | 1 3 |  3.4

Action                   |  1- 3 |  4- 6 |  7- 9 | 10-12 | 13-15 || total
-------------------------+-------+-------+-------+-------+-------++-------
Melee: Unarmed           |    23 |    24 |    36 |   210 |    65 ||   358
       Headbutt          |     3 |       |       |       |       ||     3
       Kick              |     2 |       |       |       |       ||     2
       Punch             |     1 |     1 |       |     3 |     2 ||     7
Throw: Boomerang         |       |       |       |     4 |       ||     4
 Cast: Beastly Appendage |     3 |       |       |       |       ||     3
       Ice Form          |       |     1 |     4 |    21 |     4 ||    30
       Wereblood         |       |     1 |     3 |    13 |     6 ||    23
       Blade Hands       |       |       |       |       |     3 ||     3
Invok: Call Merchant     |       |       |       |     3 |     2 ||     5
Evoke: Wand              |       |       |     2 |     2 |     6 ||    10
  Use: Potion            |     1 |       |     6 |       |       ||     7
       Scroll            |       |       |     1 |     3 |     1 ||     5
 Stab: Distracted        |       |       |       |     1 |     1 ||     2
       Sleeping          |       |       |       |       |     1 ||     1
Armor: Robe              |     6 |       |     1 |     1 |     1 ||     9
       Skin              |    11 |    27 |     7 |    25 |     2 ||    72
Dodge: Dodged            |     3 |     7 |     6 |    72 |    28 ||   116
Block: Other             |       |       |       |     5 |    11 ||    16

Table legend: (Time is in decaauts)
 A = Elapsed time spent in this place.
 B = Non-inter-level travel time spent in this place.
 C = Inter-level travel time spent in this place.
 D = Time resting spent in this place.
 E = Time spent auto-exploring this place.
 F = Levels seen in this place.
 G = Mean time per level.
                   A        B        C        D        E       F      G
               +--------+--------+--------+--------+--------+-----+--------+
         Total |   5396 |   5396 |      0 |   2143 |   1606 |   1 | 5396.0 |
       Dungeon |   5396 |   5396 |      0 |   2143 |   1606 |   1 | 5396.0 |
               +--------+--------+--------+--------+--------+-----+--------+

Top non-repeatable levels by time:
       D: 5396 daAuts
